 Dungeon Crawl Stone Soup version 0.31-a0-521-gc7390f8997 (webtiles) character file.

Game seed: 16138330948087439270

543 javelincjr the Trooper (level 7, -1/72 HPs)
             Began as a Demonspawn Monk on Aug 10, 2023.
             Was a High Priest of Jiyva.
             Slain by a two-headed ogre
             ... wielding a +0 giant club
              (20 damage)
             ... on level 5 of the Dungeon.
             The game lasted 00:11:11 (2999 turns).

javelincjr the Trooper (Demonspawn Monk)            Turns: 2999, Time: 00:11:11

Health: -1/72      AC:  4    Str: 14    XL:     7   Next: 6%
Magic:  6/7        EV: 13    Int: 11    God:    Jiyva [*****.]
Gold:   130        SH:  6    Dex: 15    Spells: 6/6 levels left

rFire   x . .        a - +0 spear
rCold   + . .        f - +2 buckler
rNeg    . . .        n - +0 leather armour
rPois   .            (no helmet)
rElec   .            (no cloak)
rCorr   +            (no gloves)
SInv    .            e - +0 pair of boots
Will    +++..        (no amulet)
Stlth   +            m - ring of Makhleb's Reproof {Ice Will+ rCorr}
HPRegen 1.76/turn    (no ring)
MPRegen 0.55/turn

%: no passive effects
@: calling ooze
A: foul stench 1, spiny 2, strong-willed 2, robust 3, acidic bite
a: Renounce Religion, Oozemancy, Slimify


You were on level 5 of the Dungeon.
You worshipped Jiyva.
Jiyva was extremely pleased with you.
You visited 1 branch of the dungeon, and saw 5 of its levels.

You collected 130 gold pieces.

Inventory:

Hand Weapons
 a - a +0 spear (weapon)
 q - a +2 heavy mace
Armour
 b - a +0 robe
 d - an orb of light
 e - a +0 pair of boots (worn)
 f - a +2 buckler (worn)
 n - a +0 leather armour (worn)
 o - a +0 scale mail
 r - a +0 chain mail
Jewellery
 m - the ring of Makhleb's Reproof (left hand) {Ice Will+ rCorr}
   (You found it on level 3 of the Dungeon)

   [ring of ice]

   Ice:       It enhances your ice magic.
   rF-:       It makes you vulnerable to fire.
   rC+:       It protects you from cold.
   Will+:     It increases your willpower.
   rCorr:     It protects you from acid and corrosion.
Scrolls
 g - 2 scrolls of teleportation {unknown}
 j - 3 scrolls of identify {unknown}
 k - a scroll of summoning {unknown}
 l - 2 scrolls of immolation
Potions
 c - a potion of ambrosia
 h - a potion of heal wounds
 i - 2 potions of curing {unknown}
 p - a potion of magic {unknown}
 s - a potion of haste {unknown}


   Skills:
 + Level 5.0 Fighting
 + Level 4.4 Polearms
 + Level 1.6 Armour
 + Level 4.4 Dodging
 + Level 1.5 Shields


You had 6 spell levels left.
You didn't know any spells.
Your spell library contained the following spells:

 Spells                   Type           Power      Damage    Failure   Level
 Passage of Golubria      Tloc           0%         N/A       99%         4
 Silence                  Hex/Air        0%         N/A       100%        5
 Lehudib's Crystal Spear  Conj/Erth      0%         10d2      100%        8


Dungeon Overview and Level Annotations

Branches:
Dungeon (5/15)             Temple (0/1) D:4

Altars:
Makhleb
Nemelex Xobeh
Okawaru
Jiyva


Innate Abilities, Weirdness & Mutations

You may rarely emit foul miasma when damaged in melee.
You are mostly covered in sharp spines.
You are highly strong-willed. (Will++)
You are extremely robust. (+30% HP)
You have acidic saliva.


Message History

The hound attacks as you move away! You block the hound's attack.
The hound is struck by your spines.
You kill the hound!
Your Fighting skill increases to level 5!
A two-headed ogre comes into view.
It is wielding a +0 giant club and a +0 giant spiked club.
The two-headed ogre shouts in stereo!
As you open the door, it creaks loudly!
A goblin zombie comes into view.
You hit the goblin zombie.
The goblin zombie is moderately damaged.
You block the goblin zombie's attack.
You hit the goblin zombie.
The goblin zombie is severely damaged.
You closely miss the goblin zombie.
The goblin zombie is severely damaged.
The goblin zombie misses you.
You hit the goblin zombie. You bite the goblin zombie.
You destroy the goblin zombie!
Activating: Oozemancy (1% risk of failure)
Press: ? - help, Dir - look around, f - activate Slime begins to ooze from the nearby walls!
The walls burn the two-headed ogre!
You block the two-headed ogre's attack.
The two-headed ogre completely misses you.
You hit the two-headed ogre.
The two-headed ogre is lightly wounded.
You hit the two-headed ogre. You bite the two-headed ogre.
The acid corrodes the two-headed ogre!
The two-headed ogre is moderately wounded.
The walls burn the two-headed ogre!
The two-headed ogre hits you with a +0 giant club!!
You shudder from the blow and a jelly pops out!
The two-headed ogre hits you with a +0 giant spiked club!!
* * * LOW HITPOINT WARNING * * *
You shudder from the blow and a jelly pops out!
You hit the two-headed ogre.
You bite the two-headed ogre, but do no damage.
The two-headed ogre is moderately wounded.
The walls burn the two-headed ogre!
You block the two-headed ogre's attack.
The two-headed ogre hits you with a +0 giant spiked club!!
You die...

............. #.
#............ #..
#...........
..###+###..........
#.......#.......J.
###.....###........ . #.
#...##.##.......
...###'###.###'###......
......O@....†...........
###...J.J..#............
##.........##..##.......
#...........##..#.......
##............#..##......
#..............#.###.....
##.................#
#..##
#..................# ###
##..............##.##


You could see a two-headed ogre (corroded, ally target), a friendly rockslime
(summoned) and a friendly quicksilver ooze (summoned).

Vanquished Creatures
  The ghost of epsilonplus the Slasher, an amateur VSFi of Hepliaklqana (D:3)
  A howler monkey (D:4)
  A gnoll bouda (D:3)
  3 hounds
  An orc priest (D:4)
  A sleepcap (D:5)
  An orc wizard (D:5)
  10 gnolls
  5 adders
  3 shadow imps
  A white imp (D:4)
  An ufetubus (D:4)
  A worm (D:2)
  3 dart slugs
  10 orcs
  2 bats (D:2)
  An endoplasm (D:1)
  2 goblins
  2 hobgoblins
  4 ball pythons
  2 frilled lizards (D:1)
  2 goblin zombies (D:5)
  4 kobolds
  5 rats
67 creatures vanquished.

Vanquished Creatures (others)
  2 jellies (D:5)
  2 orc wizards
  3 gnolls (D:4)
  2 adders
  An ufetubus (D:5)
  2 dart slugs
  An endoplasm (D:4)
  3 orcs
  4 bats
  2 goblins
  A hobgoblin (D:1)
  A quokka (D:3)
  5 ball pythons
  3 kobolds
  A rat (D:1)
33 creatures vanquished.

Grand Total: 100 creatures vanquished

Notes
Turn   | Place    | Note
-------+----------+-------------------------------------------
     0 | D:1      | javelincjr the Demonspawn Monk began the quest for the Orb.
     0 | D:1      | Reached XP level 1. HP: 18/18 MP: 1/1
    45 | D:1      | Found a faded altar of an unknown god.
    62 | D:1      | Prayed at the altar of an unknown god.
    62 | D:1      | Became a worshipper of Jiyva Jiruh the Shapeless
    62 | D:1      | Reached * piety under Jiyva
    62 | D:1      | Reached ** piety under Jiyva
    69 | D:1      | Found a faded altar of an unknown god.
   246 | D:1      | Reached *** piety under Jiyva
   310 | D:1      | Gained mutation: You are strong-willed. (Will+) [Jiyva's
                  | grace]
   310 | D:1      | Gained mutation: You are highly strong-willed. (Will++)
                  | [Jiyva's grace]
   310 | D:1      | Gained mutation: You are extremely strong-willed. (Will+++)
                  | [Jiyva's grace]
   310 | D:1      | Gained mutation: You have a small jelly attached to you
                  | that senses nearby items. [Jiyva's grace]
   481 | D:1      | Gained mutation: You are partially covered in sharp spines.
                  | [demonic ancestry]
   481 | D:1      | Reached XP level 2. HP: 24/24 MP: 2/2
   974 | D:2      | Reached **** piety under Jiyva
  1035 | D:2      | Reached XP level 3. HP: 29/29 MP: 3/3
  1489 | D:3      | Found a runed translucent door.
  1492 | D:3      | Noticed epsilonplus's ghost (amateur VSFi)
  1498 | D:3      | Killed epsilonplus's ghost
  1499 | D:3      | Reached skill level 4 in Fighting
  1499 | D:3      | Gained mutation: You may rarely emit foul miasma when
                  | damaged in melee. [demonic ancestry]
  1499 | D:3      | Reached XP level 4. HP: 14/37 MP: 1/4
  1504 | D:3      | Identified the ring of Makhleb's Reproof {Ice Will+ rCorr}
  1533 | D:3      | Gained mutation: You are mostly covered in sharp spines.
                  | [demonic ancestry]
  1533 | D:3      | Reached XP level 5. HP: 31/42 MP: 5/5
  1957 | D:3      | Found a burning altar of Makhleb.
  2127 | D:4      | Found an iron altar of Okawaru.
  2144 | D:4      | Reached ***** piety under Jiyva
  2182 | D:4      | Reached XP level 6. HP: 49/49 MP: 6/6
  2206 | D:4      | Found a staircase to the Ecumenical Temple.
  2232 | D:4      | Lost mutation: You are extremely strong-willed. (Will+++)
                  | [Jiyva's grace]
  2232 | D:4      | Lost mutation: You have a small jelly attached to you that
                  | senses nearby items. [Jiyva's grace]
  2232 | D:4      | Gained mutation: You are robust. (+10% HP) [Jiyva's grace]
  2232 | D:4      | Gained mutation: You are very robust. (+20% HP) [Jiyva's
                  | grace]
  2232 | D:4      | Gained mutation: You are extremely robust. (+30% HP)
                  | [Jiyva's grace]
  2232 | D:4      | Gained mutation: You have acidic saliva. [Jiyva's grace]
  2455 | D:4      | Found a sparkling altar of Nemelex Xobeh.
  2459 | D:4      | Reached skill level 1 in Armour
  2582 | D:4      | Reached skill level 1 in Shields
  2757 | D:5      | Entered Level 5 of the Dungeon
  2900 | D:5      | Reached XP level 7. HP: 50/71 MP: 7/7
  2987 | D:5      | Reached skill level 5 in Fighting
  2990 | D:5      | Noticed a two-headed ogre
  2999 | D:5      | Slain by a two-headed ogre

Illustrated notes

Levels and vault maps discovered:
D:1:      psy_arrival_dodecagon, layout_basic,
          hellmonk_ecumenical_altar_the_god_not_taken, st_stairs_6
D:2:      layout_basic
D:3:      layout_rooms, nicolae_overflow_hidden_temple,
          ebering_ghost_inner_flame, nicolae_houndstooth_variations
D:4:      layout_loops_ring, okawaru_metal_pillars_3,
          nicolae_elyvilon_peaceful_grove, nemelex_dance_club_becter,
          minmay_temple_entry_junction, serial_demonic, serial_demonic_f,
          serial_demonic_b, serial_demonic_e, serial_demonic_e
D:5:      layout_cave_pods, serial_shops, shop, nicolae_ossuary_entry_giza

Skill      XL: |  1  2  3  4  5  6  7 |
---------------+----------------------+-----
Polearms       | 3 4 |  4.4
Dodging        | 3 4 |  4.4
Fighting       | 4 5 |  5.0
Armour         | 1 |  1.6
Shields        | 1 |  1.5

Action                     |  1- 3 |  4- 6 |  7- 9 || total
---------------------------+-------+-------+-------++-------
  Melee: Spear             |    53 |   148 |    17 ||   218
         Bite              |       |     7 |     5 ||    12
 Invoke: Oozemancy         |     1 |     1 |     1 ||     3
    Use: Potion            |       |     1 |       ||     1
   Stab: Sleeping          |     2 |     3 |       ||     5
 Armour: Robe              |     3 |     2 |       ||     5
         Leather armour    |       |     9 |     3 ||    12
  Dodge: Dodged            |    11 |    49 |     8 ||    68
  Block: Buckler           |     6 |    25 |     6 ||    37

Table legend: (Time is in decaauts)
 A = Elapsed time spent in this place.
 B = Non-inter-level travel time spent in this place.
 C = Inter-level travel time spent in this place.
 D = Time resting spent in this place.
 E = Time spent auto-exploring this place.
 F = Levels seen in this place.
 G = Mean time per level.
                   A        B        C        D        E       F      G
               +--------+--------+--------+--------+--------+-----+--------+
         Total |   2990 |   2843 |    147 |      3 |   2317 |   5 |  598.0 |
       Dungeon |   2990 |   2843 |    147 |      3 |   2317 |   5 |  598.0 |
               +--------+--------+--------+--------+--------+-----+--------+

Top non-repeatable levels by time:
     D:1: 881 daAuts
     D:4: 690 daAuts
     D:3: 663 daAuts
     D:2: 515 daAuts
     D:5: 239 daAuts
